 Dungeon Crawl Stone Soup version 0.25-a0-731-g0472a16d6a (webtiles) character file.

Game seed: 4515899480478147491, levelgen mode: deterministic

49 Anathary the Slasher (level 3, 0/27 HPs)
             Began as a Demonspawn Gladiator on Apr 9, 2020.
             Slain by a gnoll
             ... wielding a +0 spear
              (6 damage)
             ... on level 3 of the Dungeon.
             The game lasted 00:06:11 (1935 turns).

Anathary the Slasher (Demonspawn Gladiator)         Turns: 1935, Time: 00:06:12

Health: 0/27       AC:  5    Str: 15    XL:     3   Next: 51%
Magic:  3/3        EV: 12    Int:  9    God:
Gold:   34         SH:  0    Dex: 14    Spells: 2/2 levels left

rFire    . . .     SeeInvis .   a - +0 long sword
rCold    . . .     Gourm    .   (no shield)
rNeg     . . .     Faith    .   b - +0 leather armour
rPois    .         Spirit   .   (helmet restricted)
rElec    .         Reflect  .   (no cloak)
rCorr    .         Harm     .   (no gloves)
MR       .....                  (no boots)
Stlth    +.........             (no amulet)
HPRegen  0.09/turn              (no ring)
MPRegen  0.08/turn              (no ring)

@: no status effects
A: horns 1, icy blue scales 1
a: no special abilities


You were on level 3 of the Dungeon.
You were not hungry.

You visited 1 branch of the dungeon, and saw 3 of its levels.

You collected 34 gold pieces.

Inventory:

Hand Weapons
 a - a +0 long sword (weapon)
Missiles
 d - 3 throwing nets (quivered)
Armour
 b - a +0 leather armour (worn)
 c - a +0 helmet
Jewellery
 k - an uncursed amulet of magic regeneration {unknown}
Scrolls
 e - a scroll of blinking {unknown}
 i - 3 scrolls of remove curse {unknown}
 j - a scroll of identify {unknown}
Potions
 g - a potion of invisibility {unknown}
 h - 2 potions of heal wounds {unknown}
 l - a potion of cancellation {unknown}
Comestibles
 f - 6 rations


   Skills:
 + Level 2.2 Fighting
 + Level 3.7 Long Blades
 - Level 1.7 Throwing
 + Level 1.2 Armour
 - Level 2.6 Dodging


You had 2 spell levels left.
You didn't know any spells.
Your spell library contained the following spells:

 Spells                   Type           Power        Failure   Level  Hunger
 Beastly Appendage        Tmut           #.....       45%         1    ##.....
 Sticks to Snakes         Tmut           #.......     58%         2    ###....
 Spider Form              Tmut/Pois      #.........   83%         3    ####...
 Ice Form                 Ice/Tmut       #.......     99%         4    #####..
 Blade Hands              Tmut           #.........   100%        5    ######.


Dungeon Overview and Level Annotations

Branches:
Dungeon (3/15)

Altars:
Dithmenos


Innate Abilities, Weirdness & Mutations

You have a pair of small horns on your head.
You are partially covered in icy blue scales. (AC +2)


Message History

The gnoll hits you with a +0 spear.
You closely miss the gnoll.
The gnoll shouts!
Your headbutt misses the gnoll. The gnoll hits you with a +0 spear.
You barely miss the gnoll. The gnoll hits you but does no damage.
You barely miss the gnoll. The gnoll hits you with a +0 spear.
You hit the gnoll.
The gnoll is heavily wounded.
The gnoll misses you.
You riposte.
You hit the gnoll.
The gnoll is heavily wounded.
The gnoll barely misses you.
The gnoll shouts!
You hit the gnoll.
You headbutt the gnoll, but do no damage.
The gnoll is severely wounded.
The gnoll hits you with a +0 spear. The gnoll closely misses you.
The gnoll hits you with a +0 spear.
* * * LOW HITPOINT WARNING * * *
The gnoll hits you with a +0 spear.
You die...

#.#####.#
#.....#.#.#
#####.#.#.#
..
#.#.#.###.
#.#.#.#..
#.#.#.#.#
#.#.(.#g#
#....g..#
#...@g..#
#....g..#
#.......#
#.......#
#.......#
#........#
#........#
#........#
#......#.#


You could see 4 gnolls.

Vanquished Creatures
  A worm (D:2)
  A dart slug (D:1)
  4 leopard geckos
  6 bats
  3 giant cockroaches
  6 goblins
  4 hobgoblins
  2 jackals (D:2)
  2 frilled lizards (D:2)
  3 kobolds
  4 rats
36 creatures vanquished.

Notes
Turn   | Place    | Note
-------+----------+-------------------------------------------
     0 | D:1      | Anathary the Demonspawn Gladiator began the quest for the
                  | Orb.
     0 | D:1      | Reached XP level 1. HP: 16/16 MP: 1/1
    67 | D:1      | Reached skill level 3 in Long Blades
   271 | D:1      | Gained mutation: You are partially covered in icy blue
                  | scales. (AC +2) [demonic ancestry]
   271 | D:1      | Reached XP level 2. HP: 10/22 MP: 2/2
   745 | D:1      | Reached skill level 1 in Armour
  1087 | D:2      | Gained mutation: You have a pair of small horns on your
                  | head. [demonic ancestry]
  1087 | D:2      | Reached XP level 3. HP: 27/27 MP: 3/3
  1243 | D:2      | Found a shadowy altar of Dithmenos.
  1935 | D:3      | Slain by a gnoll

Levels and vault maps discovered:
D:1:      wander_arrival_estate, layout_rooms, minmay_heptomino_h4
D:2:      layout_rooms, nicolae_dithmenos_shadow_blocks, first_ration
D:3:      layout_basic, uniq_crazy_yiuf_cottage, uniq_natasha, uniq_terence

Skill      XL: |  1  2 |
---------------+-------+-----
Long Blades    | 3 |  3.7
Armour         | 1 |  1.2
Fighting       | |  2.2
Throwing       | |  1.7
Dodging        | |  2.6

Action                   || total
-------------------------++-------
Melee: Long sword        ||   117
       Headbutt          ||     8
  Eat: Chunk             ||     1
       Ration            ||     1
Armor: Leather armour    ||    43
Dodge: Dodged            ||    96
       Rpst.: Long sword ||    32

Table legend:
 A = Non-vault XP
 B = Vault XP
 C = Vault XP percentage of total XP
 D = Non-vault monster count
 E = Vault monster count
 F = Vault count percentage of total count
                 A         B        C        D         E       F
            +---------+---------+-------+---------+---------+-------
      Total |      65 |       5 |   7.1 |      34 |       2 |   5.6
            +---------+---------+-------+---------+---------+-------
        D:1 |      34 |       5 |  12.8 |      17 |       2 |  10.5
        D:2 |      28 |       0 |   0.0 |      14 |       0 |   0.0
        D:3 |       3 |       0 |   0.0 |       3 |       0 |   0.0
            +---------+---------+-------+---------+---------+-------
